Map: Ephemeron LE

Players

Harstem - Winner!

  • Race: Protoss Protoss
  • League: Grandmaster
  • Spawn Location: 11:00

eonblu

  • Race: Zerg Zerg
  • League: Master
  • Spawn Location: 5:00

VOD

Have the link to the VOD?

Description

Time

  • Played on: Sept. 22, 2019, 1:53 p.m.
  • Length: 6:06
Show
View Real Time Build Order
Export as new Build Order

Harstem Protoss - Winner!

Build Orders: 1 Gate Expand, Mass Adepts 

Get SALT Encoding   

  12  0:01  Probe  
  13  0:13  Probe  
  14  0:19  Pylon  
  14  0:25  Probe (Chrono Boost)  
  15  0:37  Probe (Chrono Boost)  
  15  0:40  Gateway  
  16  0:46  Probe (Chrono Boost)  
  16  0:47  Assimilator  
  17  0:52  Probe  
  18  1:04  Probe  
  19  1:16  Probe  
  20  1:24  Nexus  
  20  1:34  Cybernetics Core  
  20  1:36  Probe  
  21  1:43  Assimilator  
  21  1:48  Probe  
  21  1:54  Pylon  
  22  2:01  Probe  
  23  2:09  Adept (Chrono Boost)  
  23  2:12  Warp Gate  
  23  2:13  Probe (Chrono Boost)  
  27  2:24  Probe (Chrono Boost)  
  27  2:25  Twilight Council  
  27  2:28  Probe (Chrono Boost)  
  27  2:30  Stalker (Chrono Boost)  
  27  2:36  Probe  
  31  2:39  Probe  
  32  2:48  Probe  
  33  2:51  Robotics Facility  
  33  2:54  Probe  
  34  3:00  Probe  
  35  3:06  Probe  
  35  3:08  Gateway  
  35  3:10  Gateway  
  36  3:14  Probe  
  36  3:17  Resonating Glaives (Chrono Boost)  
  36  3:18  Probe  
  39  3:33  Gateway  
  39  3:34  Gateway  
  39  3:36  Warp Prism (Chrono Boost)  
  41  3:42  Probe  
  41  3:43  Probe  
  41  3:45  Pylon  
  42  3:51  Assimilator  
  42  3:54  Probe, Assimilator  
  43  4:06  Adept x3  
  43  4:07  Pylon  
  47  4:10  Pylon  
  47  4:12  Probe  
  48  4:18  Probe  
  49  4:31  Adept x5  
  49  4:33  Probe x2  
  49  4:37  Pylon  
  61  4:47  Dark Shrine  
  61  4:53  Adept x4  
  61  4:58  Adept  
  69  5:16  Adept x4  
  69  5:20  Adept  
  77  5:26  Probe  
  77  5:28  Probe  
  77  5:29  Pylon  
  77  5:30  Pylon  
  77  5:38  Probe  
  76  5:46  Adept x3  
  76  5:47  Adept x2  
  82  5:51  Pylon  
Show
View Real Time Build Order
Export as new Build Order

eonblu Zerg 

Build Orders: Hatch First 

Get SALT Encoding   

  12  0:01  Drone  
  13  0:12  Overlord  
  13  0:16  Drone  
  14  0:30  Drone x2  
  16  0:49  Hatchery  
  15  0:51  Drone  
  16  0:58  Drone x2  
  18  1:12  Extractor  
  18  1:13  Spawning Pool  
  18  1:16  Drone  
  17  1:19  Drone  
  18  1:27  Drone  
  19  1:39  Drone  
  20  1:49  Hatchery  
  20  1:51  Drone  
  20  2:01  Zergling x2  
  21  2:04  Queen  
  23  2:09  Drone  
  23  2:14  Metabolic Boost  
  24  2:19  Overlord  
  24  2:23  Drone  
  24  2:26  Drone  
  24  2:29  Drone  
  27  2:31  Drone  
  28  2:41  Zergling x2  
  29  2:46  Zergling x2  
  29  2:49  Drone, Queen  
  33  2:56  Overlord  
  33  2:57  Drone  
  34  3:03  Drone  
  34  3:04  Drone  
  34  3:05  Drone  
  36  3:13  Queen  
  36  3:14  Drone  
  36  3:15  Drone x2  
  36  3:16  Drone  
  36  3:17  Drone  
  36  3:19  Drone  
  44  3:23  Drone  
  45  3:31  Drone x2  
  45  3:33  Extractor x2, Lair  
  45  3:38  Roach Warren  
  45  3:41  Drone x2  
  45  3:43  Drone  
  45  3:48  Queen  
  49  3:50  Drone  
  49  3:52  Overlord  
  48  4:15  Drone x3  
  51  4:22  Roach x3  
  57  4:29  Overlord x2  
  57  4:51  Roach x8  
  73  4:55  Overlord x4  
  69  5:13  Queen x2  
  73  5:18  Roach x3  
  73  5:20  Drone x3  
  68  5:36  Roach x4  
  70  5:43  Roach  
  70  5:44  Roach x2  
Tags
 
Add a new tag
Caveats
  • Supply blocks, unpowered buildings, or Contaminate may cause inaccurate times.
  • Supply counts are checked every 10 seconds.